 Dungeon Crawl Stone Soup version 0.19-a0-1511-g16f215b (webtiles) character file.

904296 TheGoonsmith the Blood Saint (level 27, 0/224 HPs)
             Began as a Demonspawn Gladiator on Sept 11, 2016.
             Was the Champion of Makhleb.
             Slain by Ignacio
             ... wielding a +7 executioner's axe of pain
              (2 damage)
             ... in Pandemonium.
             The game lasted 04:04:27 (65998 turns).

TheGoonsmith the Blood Saint (DsGl)                Turns: 65998, Time: 04:04:28

Health: 0/224      AC: 36    Str: 26    XL:     27
Magic:  49/49      EV: 26    Int: 12    God:    Makhleb [******]
Gold:   2767       SH:  5    Dex: 20    Spells: 7 memorised, 2 levels left

rFire  + . .     SeeInvis .     P - +9 lajatang (elec)
rCold  + + +     Gourm    .     L - +5 chain mail of Nufrucu {rF- rC++ Regen+ Slay+6}
rNeg   + . .     Faith    .     (shield currently unavailable)
rPois  +         Spirit   .     d - +2 hat {MR+}
rElec  +         Dismiss  .     Z - +2 cloak {rPois}
rCorr  .         Reflect  +     z - +3 pair of gauntlets of War {Slay+5}
MR     +++..     Harm     .     (boots unavailable)
Stlth  ..........               C - amulet "Juad Desm" {Reflect *Contam MP+9 Dex+3 SH+5 Stlth+}
                                i - ring of the Shining One's Hope {rC+ Str+3 Int+2}
                                I - ring "Xacaet" {rF+ rN+ Slay+1}

@: very slightly contaminated, hasted, very quick
A: talons 3, thin metallic scales 3, fire resistance 1, hurl damnation, frail 1,
powered by death 3, spiny 3, weak 1, flame cloud immunity
a: Hurl Damnation, Minor Destruction, Lesser Servant of Makhleb, Major
Destruction, Greater Servant of Makhleb, Renounce Religion
}: 6/15 runes: decaying, serpentine, slimy, silver, abyssal, demonic


You were in Pandemonium.
You worshipped Makhleb.
Makhleb was exalted by your worship.
You were not hungry.

You visited 12 branches of the dungeon, and saw 58 of its levels.
You visited Pandemonium 1 time, and saw 4 of its levels.
You visited the Abyss 5 times.
You also visited: Trove and Ice Cave.

You collected 10685 gold pieces.
You spent 7918 gold pieces at shops.

Inventory:

Hand Weapons
 O - a +4 triple sword of freezing
 P - a +9 lajatang of electrocution (weapon)
 Q - the +8 bow of Krishna "Sharnga" {speed, Dex+3 SInv}
   (You found it on level 5 of the Vaults)

   Attacks with this weapon are significantly faster.
   It affects your dexterity (+3).
   It lets you see invisible.
Missiles
 k - 9 tomahawks
 u - 4 javelins (quivered)
 v - 9 throwing nets
 A - 6 tomahawks of dispersal
 S - 29 arrows
Armour
 d - a +2 hat of magic resistance (worn)
 z - the +3 pair of gauntlets of War (worn) {Slay+5}
   (You found it in a treasure trove)

   It affects your accuracy and damage with ranged weapons and melee attacks
   (+5).
 L - the +5 chain mail of Nufrucu (worn) {rF- rC++ Regen+ Slay+6}
   (You found it in a treasure trove)

   It affects your accuracy and damage with ranged weapons and melee attacks
   (+6).
   It makes you vulnerable to fire.
   It greatly protects you from cold.
   It increases your rate of regeneration.
 Z - a +2 cloak of poison resistance (worn)
Rods
 T - a +4 rod of shadows (14/14)
   (You took it off a necromancer on level 3 of the Crypt)
Jewellery
 i - the ring of the Shining One's Hope (right hand) {rC+ Str+3 Int+2}
   (You found it on level 13 of the Dungeon)

   [ring of protection from cold]

   It affects your strength (+3).
   It affects your intelligence (+2).
   It protects you from cold.
 w - an uncursed ring of resist corrosion
 C - the amulet "Juad Desm" (around neck) {Reflect *Contam MP+9 Dex+3 SH+5 Stlth+}
   (You took it off a deep elf knight on level 3 of the Elven Halls)

   [amulet of reflection]

   It shields you and reflects attacks.
   It affects your dexterity (+3).
   It affects your magic capacity (+9).
   It causes magical contamination when unequipped.
   It affects your SH (+5).
   It makes you more stealthy.
 I - the ring "Xacaet" (left hand) {rF+ rN+ Slay+1}
   (You found it on level 3 of the Depths)

   [ring of slaying]

   It affects your accuracy and damage with ranged weapons and melee attacks
   (+1).
   It protects you from fire.
   It protects you from negative energy.
 U - the ring of the Country {rF+ Str-3 Dex+4}
   (You found it on level 6 of the Lair of Beasts)

   [ring of protection from fire]

   It affects your strength (-3).
   It affects your dexterity (+4).
   It protects you from fire.
Wands
 e - a wand of lightning (12/15)
 m - a wand of teleportation (5/9)
 B - a wand of disintegration (9/24)
 X - a wand of teleportation (2/9)
Scrolls
 a - 2 scrolls of silence
 c - a scroll of summoning
 q - 5 scrolls of fear
 r - 13 scrolls of identify
 s - 14 scrolls of remove curse
 y - 10 scrolls of blinking
 E - a scroll of enchant armour
 G - 7 scrolls of fog
 H - 20 scrolls of teleportation
 J - 8 scrolls of magic mapping
 K - 6 scrolls of recharging
Potions
 b - 3 potions of might
 g - 8 potions of haste
 h - 5 potions of cancellation
 j - 3 potions of berserk rage
 l - 8 potions of heal wounds
 n - 23 potions of curing
 o - 3 potions of agility
 p - 7 potions of flight
 t - a potion of resistance
 D - a potion of cure mutation
 F - 2 potions of invisibility
 M - 3 potions of ambrosia
 R - 2 potions of magic
Comestibles
 f - 24 bread rations
 x - 51 fruits
 N - a chunk of flesh
 V - a beef jerky


   Skills:
 O Level 27 Fighting
 + Level 17.5 Long Blades
   Level 16.0(17.1) Maces & Flails
 - Level 10.7(14.5) Staves
 - Level 1.7 Throwing
 - Level 23.6 Armour
 - Level 22.9 Dodging
   Level 4.0 Shields
 O Level 27 Invocations


You had 2 spell levels left.
You knew the following spells:

 Your Spells              Type           Power        Failure   Level  Hunger
a - Blink                 Tloc           N/A          95%         2    ###....
b - Summon Butterflies    Summ           #.......     82%         1    ##.....
c - Deflect Missiles      Chrm/Air       #.........   100%        6    #######
d - Silence               Hex/Air        #.........   100%        5    ######.
e - Haste                 Chrm           #.......     100%        6    #######
f - Repel Missiles        Chrm/Air       #.....       95%         2    ###....
g - Swiftness             Chrm/Air       #.......     95%         2    ###....


Dungeon Overview and Level Annotations

Branches:
Dungeon (15/15)            Temple (1/1) D:7            Lair (6/6) D:10
  Swamp (4/4) Lair:2        Snake (4/4) Lair:3        Slime (5/5) Lair:5
    Orc (2/2) D:9             Elf (3/3) Orc:2        Vaults (5/5) D:14
  Crypt (3/3) Vaults:3       Tomb (0/3) Crypt:3      Depths (5/5) D:15
    Zot (5/5) Depths:5

Altars:
Ashenzari
Cheibriados
Dithmenos
Elyvilon
Fedhas
Gozag
Hepliaklqana
Kikubaaqudgha
Makhleb
Nemelex Xobeh
Okawaru
Qazlal
Ru
Sif Muna
Trog
Uskayaw
Vehumet
Xom
Yredelemnul
Zin
The Shining One
Beogh

Shops:
D:4 ([*   D:5 :   D:13 *   Orc:2 ([(:   Elf:1 }?}?   Elf:2 (*%[   Snake:1 ?
Snake:2 [   Snake:4 (   Vaults:1 !   Vaults:2 :   Vaults:5 *   Depths:1 =
Depths:5 *!([

Portals:
Hell: Depths:1 Depths:2 Depths:3 Depths:4 Depths:5
Abyss: Depths:2 Depths:4
Pandemonium: Depths:1 Depths:3 Depths:5
Ziggurat: Depths:1

Annotations:
Elf:2 2 runed doors
Elf:3 1 exclusion
Pan Ignacio


Innate Abilities, Weirdness & Mutations

You have claws for feet.
You are completely covered in thin metallic scales. (AC +4, rElec)
Your flesh is heat resistant. (rF+)
You can hurl damnation.
You regenerate a lot of health from kills.
You are completely covered in sharp spines.
You are immune to clouds of flame.
You are frail. (-10% HP)
You are weak. (Str -2)


Message History

Ignacio gestures at you. You resist with some effort.
Ignacio hits you with an executioner's axe of pain.
* * * LOW HITPOINT WARNING * * *
Ignacio completely misses you. Ignacio hits you but does no damage.
You writhe in agony.
* * * LOW HITPOINT WARNING * * *
Ignacio hits you with an executioner's axe of pain!
* * * LOW HITPOINT WARNING * * *
You writhe in agony.
* * * LOW HITPOINT WARNING * * *
You feel much better.
Ignacio hits you with an executioner's axe of pain!
* * * LOW HITPOINT WARNING * * *
You writhe in agony.
* * * LOW HITPOINT WARNING * * *
Ignacio hits you with an executioner's axe of pain!
* * * LOW HITPOINT WARNING * * *
You writhe in agony.
You die...

#..#........'.#
.#..##########.#
...............#
.###...##'#####
##......#....#
##.......#.....#
###+###+#))......#......#
........#........+.......#
........'....1@..#......##
........#........#.....##
.......##.......##....##
......# #......## .!...#
######## ....# #+##


You could see Ignacio.

Vanquished Creatures
  4 pandemonium lords (Pan)
  the Royal Jelly (Slime:5)
  4 orbs of fire (Zot:5)
  Mara (Swamp:4)
  A juggernaut (Depths:2)
  10 ancient liches
  Boris (Vaults:4)
  Bai Suzhen (Crypt:3)
  7 shard shrikes
  Margery (Vaults:5)
  6 Killer Klowns (Zot:5)
  Saint Roka (Vaults:2)
  A caustic shrike (Depths:2)
  3 curse toes
  Nikola (Swamp:1)
  13 golden dragons
  the Enchantress (Depths:5)
  4 profane servitors
  10 bone dragons
  18 liches
  8 electric golems
  Jorgrun (Vaults:2)
  2 hellephants (Abyss:5)
  5 Brimstone Fiends (Pan)
  3 Hell Sentinels (Pan)
  25 Orb Guardians (Zot:5)
  23 tentacled monstrosities
  An Ice Fiend (Pan)
  2 deep elf master archers (Elf:3)
  20 acid blobs
  5 titans (Vaults:5)
  5 ancient champions
  2 deep elf blademasters (Elf:3)
  2 quicksilver dragons
  7 death cobs
  7 sphinxes
  Frances (Swamp:1)
  27 tentacled starspawn
  Agnes (D:14)
  11 Executioners
  6 thorn hunters
  10 shadow dragons
  26 storm dragons
  13 tengu reavers
  Roxanne (Elf:3)
  3 draconian monks
  7 blood saints (Pan)
  9 azure jellies
  7 greater nagas
  9 fire giants
  14 iron dragons
  8 frost giants
  Louise (Depths:4)
  4 ghost moths
  3 draconian shifters
  5 draconian scorchers
  7 draconian knights
  4 draconian zealots
  11 deep elf sorcerers
  6 balrugs
  An orc warlord (Orc:2)
  14 vault wardens
  3 ghouls (Crypt:2)
  An emperor scorpion (Abyss:2)
  Aizul (Depths:1)
  A caustic shrike zombie (Depths:2)
  4 spriggan defenders
  4 black suns (Pan)
  9 cacodemons
  4 angels
  4 deep elf elementalists
  2 warmongers (Pan)
  7 reapers
  A curse skull (Crypt:2)
  3 draconian callers
  26 very ugly things
  A war gargoyle (Vaults:5)
  2 draconian annihilators
  14 stone giants
  An entropy weaver (shapeshifter) (Vaults:2)
  2 entropy weavers
  16 ironheart preservers
  6 vampire knights
  2 corrupters
  6 deep elf demonologists
  8 lorocyprocas
  7 green draconians
  3 deep elf annihilators (Elf:3)
  4 red draconians
  Azrael (Orc:2)
  2 chaos champions (Pan)
  7 mottled draconians
  5 black draconians
  6 purple draconians
  4 yellow draconians
  7 white draconians
  6 dire elephants
  14 ettins
  3 spark wasps (Depths:2)
  7 death oozes
  13 eidola
  5 green deaths
  10 blizzard demons
  8 jiangshi
  A merfolk impaler (Abyss:5)
  10 deep elf death magi
  2 crystal guardians
  A mummy priest (Crypt:3)
  A quicksilver dragon zombie (Crypt:3)
  22 yaktaur captains
  27 fire dragons
  14 rakshasas
  4 deep elf high priests
  18 ogre magi
  Erolcha (D:11)
  A quicksilver dragon skeleton (Abyss:5)
  38 vault guards
  17 great orbs of eyes
  A hydra (shapeshifter) (Depths:2)
  14 hydras
  15 naga warriors
  2 hell beasts (Pan)
  20 ice dragons
  7 anacondas
  4 spriggan air magi
  4 alligators
  A catoblepas (Vaults:3)
  8 monstrous demonspawn
  9 centaur warriors
  33 dancing weapons
  9 deep troll shamans
  6 death yaks (Lair:5)
  12 hell hogs (Abyss:5)
  2 death scarabs (Abyss:2)
  9 deep troll earth magi
  3 orc high priests (Orc:2)
  8 spriggan berserkers
  2 titan zombies
  27 thrashing horrors
  6 vampire magi
  5 shock serpents
  18 soul eaters
  7 naga sharpshooters
  14 skeletal warriors
  A hellephant skeleton (Crypt:1)
  37 wretched stars
  7 spatial maelstroms
  2 iron trolls (Depths:5)
  2 salamander mystics (Snake:4)
  20 deep elf knights
  9 sixfirhies
  20 sun demons
  13 hell knights
  7 shadow wraiths
  An anaconda zombie (Crypt:3)
  6 unseen horrors
  The ghost of TheGoonsmith the Geomancer, a novice GrEE of Vehumet (D:7)
  17 giant orange brains
  4 storm dragon skeletons
  119 large abominations
  15 wizards
  2 spriggan druids (Swamp:4)
  A death drake (Abyss:5)
  6 flayed ghosts
  3 shadow dragon zombies
  6 torturous demonspawn (Pan)
  7 shadow demons
  2 spark wasp zombies (Depths:2)
  3 gelid demonspawn (Pan)
  2 naga ritualists
  14 phantasmal warriors
  12 swamp dragons
  6 infernal demonspawn
  24 deep trolls
  13 deep elf archers
  A shambling mangrove (Swamp:3)
  2 putrid demonspawn (Depths:1)
  A harpy (Vaults:5)
  A golden dragon skeleton (Crypt:3)
  10 ironbrand convokers
  A lindwurm (Lair:4)
  2 wolf spider zombies
  6 mana vipers
  A mana viper (shapeshifter) (Abyss:3)
  16 orc knights
  An anaconda skeleton (Crypt:3)
  7 hill giants
  63 deep elf magi
  An orb spider (Abyss:5)
  A wolf spider (shapeshifter) (Depths:5)
  4 griffons
  38 ugly things
  24 necromancers
  A stone giant zombie (Crypt:3)
  7 wolf spiders
  A shadow dragon skeleton (Crypt:3)
  4 elephants (Lair:6)
  8 hornets
  16 worldbinders
  A fire giant zombie (Crypt:3)
  11 salamanders
  11 shining eyes
  An iron dragon skeleton (Crypt:2)
  2 manticores
  2 hornets (shapeshifter)
  4 orc sorcerers
  3 guardian serpents (shapeshifter)
  3 cyclopes
  16 moths of wrath
  12 vault sentinels
  Maurice (D:8)
  2 fire giant skeletons
  6 rust devils
  15 apocalypse crabs
  16 spiny frogs
  A water nymph (shapeshifter) (Depths:5)
  6 eyes of devastation
  An eye of devastation (shapeshifter) (Depths:2)
  28 black mambas
  3 stone giant skeletons (Crypt:3)
  A torpor snail (Slime:1)
  An ice statue (IceCv)
  2 frost giant skeletons
  A water nymph (Abyss:3)
  6 guardian serpents
  20 naga magi
  A black draconian zombie (Crypt:2)
  6 efreet
  47 smoke demons
  2 green draconian zombies
  2 hellions (Pan)
  8 orange demons
  6 rime drakes
  A shock serpent skeleton (Crypt:2)
  4 kobold demonologists
  58 small abominations
  75 yaktaurs
  9 demonic crawlers
  4 tormentors
  An anaconda simulacrum (Abyss:5)
  A rime drake (shapeshifter) (Depths:2)
  22 freezing wraiths
  31 ancient zymes
  9 komodo dragons
  7 ice devils
  A purple draconian skeleton (Crypt:2)
  A redback zombie (D:14)
  A silent spectre (Abyss:5)
  A komodo dragon (shapeshifter) (D:15)
  22 hellwings
  9 red devils
  A white draconian skeleton (Crypt:1)
  9 trolls
  3 tengu conjurers
  15 polar bears
  A meliai (shapeshifter) (Vaults:1)
  A shadow dragon simulacrum (Abyss:5)
  A meliai (D:12)
  A queen bee (shapeshifter) (Depths:2)
  Grinder (D:3)
  5 giant leeches
  13 two-headed ogres
  153 slime creatures
  4 bog bodies
  11 blink frogs
  An ice dragon zombie (Abyss:5)
  79 raiju
  A raiju (shapeshifter) (D:15)
  7 boulder beetles
  A satyr zombie (Crypt:1)
  A fire dragon zombie (Crypt:3)
  4 ettin zombies
  An ettin skeleton (Crypt:3)
  10 air elementals
  8 water elementals
  5 flying skulls (Abyss:5)
  11 shadows
  2 spriggans (shapeshifter)
  7 spriggans
  A tarantella (shapeshifter) (Depths:4)
  A wyvern (shapeshifter) (Vaults:1)
  A griffon skeleton (Crypt:2)
  16 ynoxinuls
  A redback (Vaults:4)
  195 starcursed masses
  9 wraiths
  56 yaks
  A dire elephant simulacrum (Abyss:5)
  A human (shapeshifter) (Abyss:5)
  A vampire (D:15)
  2 wyverns
  3 yaks (shapeshifter)
  A hog (shapeshifter) (D:15)
  Eustachio (D:6)
  18 golden eyes
  25 chaos spawn
  27 neqoxecs
  3 basilisks
  7 fire elementals
  5 hungry ghosts
  13 vampire mosquitoes
  2 hippogriffs (shapeshifter)
  7 hippogriffs
  2 steam dragons
  71 nagas
  5 spatial vortices (Abyss:2)
  A mottled dragon (D:12)
  25 wargs
  24 insubstantial wisps
  A warg (shapeshifter) (Elf:3)
  An infernal demonspawn skeleton (Crypt:1)
  16 water moccasins
  21 swamp worms
  A spiny frog zombie (Crypt:3)
  6 porcupines
  6 hell hounds
  9 swamp drakes
  60 orc warriors
  A giant eyeball (Depths:5)
  2 giant eyeballs (shapeshifter)
  10 wasps
  2 black bears
  7 ice beasts
  2 phantoms
  7 sky beasts
  2 necrophages
  A black mamba simulacrum (Abyss:5)
  A manticore zombie (Crypt:3)
  An ogre (shapeshifter) (Elf:1)
  8 eyes of draining
  37 ogres
  17 wolves
  7 boggarts
  A snapping turtle skeleton (Crypt:3)
  A centaur (shapeshifter) (Depths:2)
  6 crocodiles
  9 centaurs
  A manticore skeleton (Crypt:2)
  9 big kobolds
  5 earth elementals
  19 giant frogs
  An ogre simulacrum (Vaults:1)
  A spiny frog simulacrum (Abyss:5)
  A wyvern zombie (D:8)
  An elf skeleton (Crypt:2)
  4 scorpions
  A manticore simulacrum (Abyss:5)
  3 wyvern skeletons
  57 killer bees
  A spriggan skeleton (Crypt:3)
  5 wights
  8 howler monkeys
  3 centaur zombies
  4 giant frog zombies
  19 crimson imps
  3 hounds
  6 quasits
  8 jellies
  2 giant frog skeletons
  26 orc priests
  10 centaur skeletons
  7 iron imps
  A human skeleton (Crypt:3)
  20 worker ants
  Terence (D:3)
  8 iguanas
  24 orc wizards
  2 lightning spires (Abyss:5)
  2 giant frog simulacra (D:9)
  An ogre zombie (Crypt:2)
  A big kobold zombie (Crypt:1)
  A naga skeleton (Abyss:5)
  A hound skeleton (D:10)
  3 mummies (Crypt:3)
  A howler monkey zombie (D:11)
  2 worker ant zombies
  Robin (D:3)
  A howler monkey skeleton (D:6)
  3 gnolls (D:5)
  A hell rat zombie (Crypt:2)
  16 adders
  69 river rats
  13 shadow imps
  21 white imps
  5 ufetubi
  3 oozes
  2 adder skeletons
  3 dart slugs
  7 giant geckos
  148 orcs
  2 ball pythons
  4 giant cockroaches
  14 goblins
  7 hobgoblins
  7 jackals
  4 quokkas
  4 bats
  2 giant gecko skeletons (D:4)
  6 giant newts
  A gnoll skeleton (Crypt:1)
  2 jackal skeletons
  25 kobolds
  A quokka skeleton (D:5)
  6 rats
  A rat zombie (Crypt:1)
  23 briar patches
  12 bushes
  4 crawling corpses (Vaults:5)
  6 demonic plants (Abyss:5)
  25 fungi
  8 lurking horrors
  34 plants
  25 starspawn tentacles
4077 creatures vanquished.

Vanquished Creatures (collateral kills)
  Rupert (Lair:3)
  2 dire elephants (Lair:6)
  Urug (Lair:5)
  A water nymph (shapeshifter) (Depths:2)
  4 slime creatures (D:13)
  4 nagas
13 creatures vanquished.

Vanquished Creatures (others)
  5 large abominations
  A lich (Abyss:5)
  A fire giant (Vaults:5)
  A ghost moth (Pan)
  A draconian knight (Zot:3)
  3 vault wardens (Vaults:5)
  A draconian shifter (Zot:5)
  An ironheart preserver (Vaults:3)
  2 starcursed masses (Abyss:5)
  A red draconian (Zot:5)
  A deep elf annihilator (Elf:3)
  A deep elf death mage (Vaults:3)
  A deep elf high priest (Vaults:3)
  A yaktaur captain (Vaults:2)
  A deep troll shaman (Depths:2)
  An ogre mage (Depths:4)
  A deep elf knight (Elf:2)
  A soul eater (Pan)
  2 sixfirhies
  An orc knight (Vaults:2)
  A mana viper (Abyss:5)
  An orc sorcerer (Abyss:5)
  An ancient zyme (Abyss:5)
  A polar bear (IceCv)
  A slime creature (Slime:1)
  A yak (IceCv)
  An air elemental (Abyss:5)
  A ynoxinul (Pan)
  A neqoxec (Abyss:5)
  A naga (Snake:4)
  A wolf (IceCv)
  5 small abominations (Abyss:5)
  An orc wizard (Vaults:3)
  A ball lightning (Zot:5)
  2 orcs
  A briar patch (Swamp:1)
  4 bushes (Lair:4)
  3 crawling corpses (Vaults:5)
  16 fungi
  3 lurking horrors
  46 plants
  88 starspawn tentacles
  4 toadstools (D:1)
  3 withered plants (Crypt:3)
216 creatures vanquished.

Grand Total: 4306 creatures vanquished

Notes
Turn   | Place    | Note
-------+----------+-------------------------------------------
     0 | D:1      | TheGoonsmith the Demonspawn Gladiator began the quest for the Orb.
     0 | D:1      | Reached XP level 1. HP: 16/16 MP: 1/1
   209 | D:1      | Gained mutation: You are partially covered in sharp spines. [demonic ancestry]
   209 | D:1      | Reached XP level 2. HP: 22/22 MP: 2/2
   649 | D:2      | Gained mutation: You are mostly covered in sharp spines. [demonic ancestry]
   649 | D:2      | Reached XP level 3. HP: 18/27 MP: 3/3
   991 | D:2      | Found a hazy altar of Hepliaklqana.
  1074 | D:3      | Noticed Terence
  1112 | D:3      | Killed Terence
  1112 | D:3      | Gained mutation: You regenerate a little health from kills. [demonic ancestry]
  1112 | D:3      | Reached XP level 4. HP: 33/33 MP: 4/4
  1152 | D:3      | Noticed an ogre
  1162 | D:3      | Killed an ogre
  1162 | D:3      | Reached skill level 5 in Maces & Flails
  1162 | D:3      | Reached XP level 5. HP: 10/38 MP: 5/5
  1570 | D:3      | Noticed Robin
  1570 | D:3      | Noticed Grinder
  1587 | D:3      | Paralysed by Grinder for 5 turns
  1761 | D:3      | Killed Robin
  1785 | D:3      | Paralysed by Grinder for 5 turns
  1792 | D:3      | Paralysed by Grinder for 2 turns
  1799 | D:3      | Paralysed by Grinder for 5 turns
  1921 | D:4      | Found Igey's Assorted Antiques.
  1985 | D:3      | Paralysed by Grinder for 5 turns
  1999 | D:3      | Killed Grinder
  1999 | D:3      | Gained mutation: You have sharp toenails. [demonic ancestry]
  1999 | D:3      | Reached XP level 6. HP: 44/44 MP: 6/6
  2147 | D:3      | Found a deep blue altar of Sif Muna.
  2214 | D:4      | Found an iron altar of Okawaru.
  2313 | D:4      | Found Cuwnypt's Armour Emporium.
  2323 | D:4      | Bought a +1 pair of gloves for 115 gold pieces
  2377 | D:4      | Found a stormy altar of Qazlal.
  2402 | D:4      | Gained mutation: You are partially covered in thin metallic scales. (AC +2) [demonic ancestry]
  2402 | D:4      | Reached XP level 7. HP: 36/50 MP: 7/7
  2431 | D:4      | Became a worshipper of Qazlal Stormbringer
  2573 | D:4      | Found a blossoming altar of Fedhas.
  2574 | D:4      | Found a basalt altar of Yredelemnul.
  2660 | D:4      | Found Cavvimp's Weapon Emporium.
  2753 | D:4      | Bought a scroll labeled MUHOAJ VIMACH for 17 gold pieces
  2753 | D:4      | Bought an orange potion for 15 gold pieces
  2919 | D:5      | Entered Level 5 of the Dungeon
  3413 | D:5      | Found Moruup's Book Emporium.
  3450 | D:5      | Reached * piety under Qazlal
  3457 | D:5      | Gained mutation: You have razor-sharp toenails. [demonic ancestry]
  3457 | D:5      | Reached XP level 8. HP: 53/58 MP: 8/8
  3482 | D:5      | Gained mutation: Your flesh is cold resistant. (rC+) [potion of beneficial mutation]
  3483 | D:5      | Gained mutation: You have supernaturally acute eyesight. (SInv) [potion of beneficial mutation]
  3513 | D:5      | Gained mutation: You are mostly covered in thin metallic scales. (AC +3) [mutagenic meat]
  3516 | D:5      | Gained mutation: You tend to lose your temper in combat. [mutagenic meat]
  3956 | D:6      | Reached skill level 5 in Fighting
  4137 | D:6      | Noticed Eustachio
  4153 | D:6      | Killed Eustachio
  4153 | D:6      | Reached ** piety under Qazlal
  4204 | D:7      | Noticed TheGoonsmith's ghost (novice GrEE)
  4453 | D:7      | Gained mutation: You are completely covered in sharp spines. [demonic ancestry]
  4453 | D:7      | Reached XP level 9. HP: 74/74 MP: 9/9
  4674 | D:7      | Killed TheGoonsmith's ghost
  4849 | D:7      | Reached skill level 5 in Armour
  4900 | D:7      | Found a staircase to the Ecumenical Temple.
  5198 | D:8      | Reached *** piety under Qazlal
  5217 | D:8      | Found a radiant altar of Vehumet.
  5558 | D:8      | Reached XP level 10. HP: 81/82 MP: 10/10
  5886 | D:9      | Found an opulent altar of Gozag.
  5996 | D:9      | Got a transparent mace
  6000 | D:9      | Noticed Maurice
  6007 | D:8      | Identified the +8 mace of Virtue {drain, rElec rC+ Int+4} (You found it on level 9 of the Dungeon)
  6017 | D:9      | Reached **** piety under Qazlal
  6019 | D:8      | Killed Maurice
  6019 | D:8      | Reached skill level 5 in Dodging
  6204 | D:9      | Found a bloodstained altar of Trog.
  6257 | D:9      | Found a deep blue altar of Sif Muna.
  6337 | D:9      | Found a roughly hewn altar of Beogh.
  6337 | D:9      | Found a staircase to the Orcish Mines.
  6368 | D:9      | Reached skill level 10 in Maces & Flails
  6371 | D:9      | Reached ***** piety under Qazlal
  6486 | D:9      | Reached XP level 11. HP: 87/87 MP: 11/11
  6860 | D:9      | Noticed an orc knight
  6868 | D:9      | Killed an orc knight
  7237 | D:10     | Entered Level 10 of the Dungeon
  7422 | D:10     | Reached ****** piety under Qazlal
  7521 | D:10     | Found a staircase to the Lair.
  7636 | D:10     | Noticed a hill giant
  7643 | D:10     | Killed a hill giant
  8136 | D:11     | Noticed a hill giant
  8142 | D:11     | Killed a hill giant
  8249 | D:11     | Noticed an eight-headed hydra
  8257 | D:11     | Killed an eight-headed hydra
  8419 | D:11     | Noticed a hill giant
  8429 | D:11     | Killed a hill giant
  8432 | D:11     | Found a radiant altar of Vehumet.
  8480 | D:11     | Gained mutation: You are completely covered in thin metallic scales. (AC +4, rElec) [demonic ancestry]
  8480 | D:11     | Reached XP level 12. HP: 94/94 MP: 12/12
  8784 | D:11     | Noticed Erolcha
  8799 | D:11     | Killed Erolcha
  9146 | Lair:1   | Entered Level 1 of the Lair of Beasts
  9267 | Lair:1   | Reached skill level 1 in Invocations
  9480 | Lair:1   | Reached skill level 1 in Shields
 10567 | Lair:2   | Reached skill level 5 in Invocations
 10831 | Lair:2   | Noticed an eight-headed hydra
 10839 | Lair:2   | Killed an eight-headed hydra
 11002 | Lair:2   | Found a staircase to the Swamp.
 11434 | Lair:3   | Noticed Rupert
 11440 | Lair:3   | Killed Rupert
 11441 | Lair:3   | Found a staircase to the Snake Pit.
 11450 | Lair:3   | Noticed an eight-headed hydra
 11459 | Lair:3   | Killed an eight-headed hydra
 11530 | Lair:3   | Reached skill level 10 in Invocations
 11790 | Lair:3   | Reached XP level 13. HP: 98/99 MP: 20/20
 13520 | Lair:5   | Noticed Urug
 13585 | Lair:5   | Killed Urug
 14038 | Lair:5   | Found a staircase to the Slime Pits.
 14078 | Lair:5   | Gained mutation: Your system is resistant to poisons. (rPois) [potion of beneficial mutation]
 14362 | Lair:5   | Reached skill level 15 in Maces & Flails
 14512 | Lair:6   | Entered Level 6 of the Lair of Beasts
 14881 | Lair:6   | Reached XP level 14. HP: 108/108 MP: 23/23
 15614 | Lair:6   | Got a vibrating jade ring
 15616 | Lair:6   | Got a clouded lead ring
 15617 | Lair:6   | Identified the ring "Wieklutz" {rElec Str+6} (You found it on level 6 of the Lair of Beasts)
 16132 | Lair:1   | Identified the ring of the Country {rF+ Str-3 Dex+4} (You found it on level 6 of the Lair of Beasts)
 16223 | Orc:1    | Entered Level 1 of the Orcish Mines
 16284 | Orc:2    | Entered Level 2 of the Orcish Mines
 16314 | Orc:2    | Noticed an orc warlord
 16349 | Orc:2    | Killed an orc warlord
 16353 | Orc:2    | Found a staircase to the Elven Halls.
 16370 | Orc:2    | Reached skill level 10 in Fighting
 16624 | Orc:1    | Found a frozen archway.
 16671 | IceCv    | Entered an ice cave
 17173 | IceCv    | Noticed a frost giant
 17182 | IceCv    | Killed a frost giant
 17480 | Orc:2    | Found a roughly hewn altar of Beogh.
 17531 | Orc:2    | Found a roughly hewn altar of Beogh.
 17603 | Orc:2    | Found a roughly hewn altar of Beogh.
 17652 | Orc:2    | Noticed Azrael
 17663 | Orc:2    | Killed Azrael
 17673 | Orc:2    | Gained mutation: You regenerate health from kills. [demonic ancestry]
 17673 | Orc:2    | Reached XP level 15. HP: 117/117 MP: 24/24
 17747 | Orc:2    | Found a roughly hewn altar of Beogh.
 17801 | Orc:2    | Found a roughly hewn altar of Beogh.
 17865 | Orc:2    | Found a roughly hewn altar of Beogh.
 18090 | Orc:2    | Found a roughly hewn altar of Beogh.
 18094 | Orc:2    | Found Plog's Book Boutique.
 18144 | Orc:2    | Found a roughly hewn altar of Beogh.
 18189 | Orc:2    | Reached skill level 10 in Armour
 18206 | Orc:2    | Found Hubrol's Weapon Shop.
 18256 | Orc:2    | Found Duduopel's Antique Weapon Boutique.
 18258 | Orc:2    | Found Rangan's Antique Armour Shop.
 18259 | Orc:2    | Found a roughly hewn altar of Beogh.
 18273 | Orc:2    | Bought a runed plate armour for 690 gold pieces
 18398 | Lair:1   | Gained mutation: You are robust. (+10% HP) [potion of beneficial mutation]
 18920 | D:12     | Found an opulent altar of Gozag.
 19034 | D:13     | Found Zaett's General Store.
 19390 | D:13     | Reached skill level 1 in Staves
 19422 | D:13     | Got a steaming turquoise ring
 20060 | D:14     | Noticed Agnes
 20067 | D:14     | Killed Agnes
 20074 | D:14     | Identified the ring of the Shining One's Hope {rC+ Str+3 Int+2} (You found it on level 13 of the Dungeon)
 20335 | D:14     | Found a gate to the Vaults.
 20657 | D:15     | Entered Level 15 of the Dungeon
 20660 | D:15     | Reached skill level 5 in Staves
 21256 | D:15     | Found a staircase to the Depths.
 21580 | D:15     | Found a glowing golden altar of the Shining One.
 21840 | Lair:1   | Lost mutation: You have supernaturally acute eyesight. (SInv) [potion of mutation]
 21841 | Lair:1   | Gained mutation: You are clumsy. (Dex -2) [potion of mutation]
 21841 | Lair:1   | Gained mutation: You are very clumsy. (Dex -4) [potion of mutation]
 21841 | Lair:1   | Lost mutation: Your flesh is cold resistant. (rC+) [potion of mutation]
 21842 | Lair:1   | Gained mutation: Your spells are a little harder to cast, but a little more powerful. [potion of mutation]
 21842 | Lair:1   | Gained mutation: Your body sometimes deteriorates upon taking damage. [potion of mutation]
 21842 | Lair:1   | Gained mutation: Your flesh is cold resistant. (rC+) [potion of mutation]
 21843 | Lair:1   | Lost mutation: Your spells are a little harder to cast, but a little more powerful. [potion of cure mutation]
 21843 | Lair:1   | Lost mutation: Your body sometimes deteriorates upon taking damage. [potion of cure mutation]
 21843 | Lair:1   | Lost mutation: You tend to lose your temper in combat. [potion of cure mutation]
 21843 | Lair:1   | Lost mutation: You are very clumsy. (Dex -4) [potion of cure mutation]
 21843 | Lair:1   | Lost mutation: You are completely covered in thin metallic scales. (AC +4, rElec) [potion of cure mutation]
 21852 | Lair:1   | Gained mutation: You regenerate a lot of health from kills. [demonic ancestry]
 21852 | Lair:1   | Reached XP level 16. HP: 136/136 MP: 24/26
 21889 | Snake:1  | Entered Level 1 of the Snake Pit
 22077 | Snake:1  | Found Kecvozet's Magic Scroll Emporium.
 22091 | Snake:1  | Bought a scroll of identify for 28 gold pieces
 22091 | Snake:1  | Bought a scroll of identify for 28 gold pieces
 22091 | Snake:1  | Bought a scroll of enchant weapon for 105 gold pieces
 22091 | Snake:1  | Bought a scroll of teleportation for 42 gold pieces
 22091 | Snake:1  | Bought a scroll of acquirement for 728 gold pieces
 22091 | Snake:1  | Bought a scroll of blinking for 105 gold pieces
 22416 | Snake:2  | Reached XP level 17. HP: 141/143 MP: 27/27
 22462 | Snake:2  | Reached skill level 10 in Staves
 22501 | Snake:2  | Found Leugg's Armour Shoppe.
 22557 | Snake:2  | Bought a +0 pair of boots of running for 504 gold pieces
 22557 | Snake:2  | Upgraded the game from 0.19-a0-1509-ge761a2a to 0.19-a0-1511-g16f215b
 22575 | Snake:2  | Found a blossoming altar of Fedhas.
 24432 | Snake:4  | Entered Level 4 of the Snake Pit
 24483 | Snake:4  | Found Feney's Antique Weapon Shop.
 24917 | Snake:4  | Reached skill level 15 in Invocations
 25457 | Snake:4  | Reached XP level 18. HP: 155/155 MP: 29/29
 25548 | Snake:4  | Got a serpentine rune of Zot
 26047 | Swamp:1  | Entered Level 1 of the Swamp
 26053 | Swamp:1  | Got an encrusted great sword
 26163 | Swamp:1  | Noticed Nikola
 26192 | Swamp:1  | Killed Nikola
 26311 | Swamp:1  | Noticed Frances
 26332 | Swamp:1  | Killed Frances
 26875 | Swamp:2  | Got a translucent chain mail
 26878 | Swamp:2  | Identified the +6 great sword "TheGoonsmith's Curse" {freeze, +Blink} (You found it on level 1 of the Swamp)
 26879 | Swamp:2  | Identified the +5 chain mail of Tiallyci {rCorr Str+3 Dex-3 Stlth+} (You found it on level 2 of the Swamp)
 28333 | Swamp:4  | Entered Level 4 of the Swamp
 28351 | Swamp:4  | Reached skill level 10 in Dodging
 28467 | Swamp:4  | Noticed Mara
 28489 | Swamp:4  | Noticed TheGoonsmith's illusion
 28517 | Swamp:4  | Killed Mara
 28583 | Swamp:4  | Got a decaying rune of Zot
 29417 | Vaults:1 | Entered Level 1 of the Vaults
 29821 | Vaults:1 | Noticed a tentacled monstrosity
 29829 | Vaults:1 | Killed a tentacled monstrosity
 30322 | Vaults:1 | Noticed a tentacled monstrosity
 30330 | Vaults:1 | Killed a tentacled monstrosity
 30484 | Vaults:1 | Found Dihoffyk's Distillery.
 30499 | Vaults:1 | Bought a potion of resistance for 180 gold pieces
 30499 | Vaults:1 | Bought a potion of might for 72 gold pieces
 30499 | Vaults:1 | Bought a potion of agility for 72 gold pieces
 30499 | Vaults:1 | Bought a potion of haste for 180 gold pieces
 30499 | Vaults:1 | Bought a potion of haste for 180 gold pieces
 30699 | Vaults:1 | Gained mutation: Your flesh is heat resistant. (rF+) [demonic ancestry]
 30699 | Vaults:1 | Reached XP level 19. HP: 167/167 MP: 31/31
 30974 | Vaults:2 | Noticed Jorgrun
 30980 | Vaults:2 | Killed Jorgrun
 31462 | Vaults:2 | Noticed Saint Roka
 31486 | Vaults:2 | Killed Saint Roka
 31486 | Vaults:2 | Reached skill level 15 in Fighting
 31950 | Vaults:2 | Found Nonn's Book Shoppe.
 32427 | Vaults:3 | Found a staircase to the Crypt.
 32739 | Vaults:3 | Reached XP level 20. HP: 176/180 MP: 34/34
 33261 | Vaults:3 | Found a portal to a secret trove of treasure.
 34755 | Vaults:4 | Noticed Boris
 34778 | Vaults:4 | Killed Boris
 35330 | Depths:1 | Entered Level 1 of the Depths
 35568 | Depths:1 | Gained mutation: You are completely covered in thin metallic scales. (AC +4, rElec) [demonic ancestry]
 35568 | Depths:1 | Reached XP level 21. HP: 191/191 MP: 36/36
 35618 | Depths:1 | Found a one-way gate leading to the halls of Pandemonium.
 35675 | Depths:1 | Found a gateway to Hell.
 35698 | Depths:1 | Found a gateway to a ziggurat.
 35729 | Depths:1 | Noticed Aizul
 35740 | Depths:1 | Killed Aizul
 35933 | Depths:1 | Found Maufedgh's Jewellery Shoppe.
 36102 | Depths:2 | Noticed a caustic shrike
 36111 | Depths:2 | HP: 2/192 [fire dragon (9)]
 36115 | Depths:2 | Killed a caustic shrike
 36139 | Depths:2 | Paralysed by a vampire knight for 3 turns
 36354 | Depths:2 | Cast into level 3 of the Abyss (a deep elf sorcerer)
 36356 | Abyss:3  | Found a corrupted altar of Lugonu.
 36408 | Abyss:3  | Gained mutation: Your spells are a little easier to cast, but a little less powerful. [a cacodemon]
 36451 | Abyss:3  | Paralysed by accursed screaming for 1 turns
 36457 | Abyss:3  | Paralysed by accursed screaming for 1 turns
 36463 | Abyss:3  | HP: 4/194 [hellion/damnation (29)]
 36677 | Depths:2 | Escaped the Abyss
 36690 | Depths:2 | Gained mutation: You have claws for feet. [demonic ancestry]
 36690 | Depths:2 | Reached XP level 22. HP: 102/203 MP: 31/38
 37040 | Depths:2 | Found a one-way gate to the infinite horrors of the Abyss.
 37087 | Depths:2 | Noticed a juggernaut
 37102 | Depths:2 | Killed a juggernaut
 37134 | Depths:2 | Noticed a golden dragon
 37168 | Depths:2 | Killed a golden dragon
 37568 | Depths:3 | Noticed a golden dragon
 37586 | Depths:3 | Killed a golden dragon
 37786 | Depths:3 | Noticed a golden dragon
 37796 | Depths:3 | Killed a golden dragon
 37820 | Depths:3 | Reached skill level 27 in Invocations
 37851 | Depths:3 | Got an ancient tin ring
 37855 | Depths:3 | Identified the ring "Xacaet" {rF+ rN+ Slay+1} (You found it on level 3 of the Depths)
 38646 | Depths:4 | Identified Lee's Guide on Conjuration and the Mountains
 38661 | Depths:4 | Found a deep blue altar of Sif Muna.
 38780 | Depths:4 | Identified the Disquisition on Battle Magic and Toxins
 38787 | Depths:4 | Identified the Tome of Unholy Rituals
 38831 | Depths:4 | Identified the Almanac of Neurosis
 38910 | Depths:5 | Entered Level 5 of the Depths
 38941 | Depths:4 | Gained mutation: You are immune to clouds of flame. [demonic ancestry]
 38941 | Depths:4 | Reached XP level 23. HP: 125/213 MP: 12/40
 39282 | Depths:4 | Noticed Louise
 39300 | Depths:4 | Killed Louise
 39988 | Lair:1   | Learned a level 2 spell: Blink
 39990 | Lair:1   | Learned a level 1 spell: Summon Butterflies
 39997 | Lair:1   | Learned a level 6 spell: Deflect Missiles
 40003 | Lair:1   | Learned a level 5 spell: Silence
 40448 | Depths:5 | Noticed the Enchantress
 40472 | Depths:5 | Cast into level 3 of the Abyss (the Enchantress)
 40798 | Depths:5 | Escaped the Abyss
 40813 | Depths:5 | Killed the Enchantress
 40905 | Depths:5 | Found Hionix's Serpentskin Sales.
 41336 | Depths:5 | Reached skill level 15 in Armour
 41353 | Depths:5 | Found a gate to the Realm of Zot.
 41399 | Depths:5 | Found Ycoogarr's Armour Shop.
 41400 | Depths:5 | Found Tuoschaff's Weapon Shoppe.
 41439 | Depths:5 | Found Isohiss's Distillery.
 41445 | Depths:5 | Bought 2 potions of heal wounds for 250 gold pieces
 41987 | Orc:2    | Bought a book of Summonings for 1190 gold pieces
 42304 | Vaults:3 | You paid a toll of a book of Summonings to enter a treasure trove
 42305 | Trove    | Entered a treasure trove
 42318 | Trove    | Got an encrusted crystal plate armour
 42325 | Trove    | Got a jewelled chain mail
 42337 | Trove    | Got a fine shield
 42507 | Vaults:3 | Identified the +1 crystal plate armour "Adubiwn" {rElec rC++ Dex-3 SInv} (You found it in a treasure trove)
 42517 | Vaults:3 | Identified the +5 chain mail of Nufrucu {rF- rC++ Regen+ Slay+6} (You found it in a treasure trove)
 42845 | Lair:1   | Identified the +4 shield of the Old World {rF+ Str+2} (You found it in a treasure trove)
 42944 | Elf:1    | Entered Level 1 of the Elven Halls
 43064 | Elf:1    | Reached XP level 24. HP: 225/225 MP: 40/40
 43155 | Elf:1    | Found Ekhluc's Gadget Shoppe.
 43155 | Elf:1    | Found Ebly's Magic Scroll Emporium.
 43155 | Elf:1    | Found Ikocuippi's Gadget Shoppe.
 43161 | Elf:1    | Bought a scroll of identify for 30 gold pieces
 43161 | Elf:1    | Bought a scroll of enchant armour for 112 gold pieces
 43161 | Elf:1    | Bought a scroll of enchant weapon for 112 gold pieces
 43161 | Elf:1    | Bought a scroll of identify for 30 gold pieces
 43399 | Elf:1    | Cast into level 2 of the Abyss (trident of distortion)
 43523 | Abyss:2  | Found a corrupted altar of Lugonu.
 43646 | Abyss:3  | Found a corrupted altar of Lugonu.
 43689 | Abyss:3  | HP: 8/225 [titan simulacrum (9)]
 43692 | Elf:1    | Escaped the Abyss
 43869 | Elf:1    | Found Delaxtoh's Magic Scroll Shoppe.
 43877 | Elf:1    | Bought a scroll of teleportation for 45 gold pieces
 43877 | Elf:1    | Bought a scroll of teleportation for 45 gold pieces
 43877 | Elf:1    | Bought a scroll of identify for 30 gold pieces
 44405 | Elf:2    | Found a large runed door.
 44405 | Elf:2    | Found a large runed door.
 44429 | Elf:2    | Found a large runed door.
 44429 | Elf:2    | Found a large runed door.
 44476 | Elf:2    | Found Topi's Antique Armour Boutique.
 44476 | Elf:2    | Found Huoleassi's Weapon Shop.
 44477 | Elf:2    | Found Ible Wil's Food Boutique.
 44479 | Elf:2    | Found Maothol's Assorted Antiques.
 44489 | Elf:2    | Bought a scroll of magic mapping for 133 gold pieces
 44817 | Elf:2    | Cast into level 3 of the Abyss (war axe of distortion)
 44817 | Abyss:3  | Found a corrupted altar of Lugonu.
 44881 | Elf:2    | Escaped the Abyss
 45134 | Elf:3    | Entered Level 3 of the Elven Halls
 45134 | Elf:3    | Noticed Roxanne
 45151 | Elf:3    | Killed Roxanne
 45152 | Elf:3    | Identified Roxanne's Guide on Moulding (You took it off Roxanne on level 3 of the Elven Halls)
 45326 | Elf:3    | Got an ebony double sword {drain}
 45360 | Elf:3    | Got a wavering platinum amulet
 45510 | Elf:3    | Identified the cursed +0 double sword of Qoproig {drain, Str+2} (You took it off a deep elf sorcerer on level 3 of the Elven Halls)
 45511 | Elf:3    | Identified the amulet "Juad Desm" {Reflect *Contam MP+9 Dex+3 SH+5 Stlth+} (You took it off a deep elf knight on level 3 of the Elven Halls)
 46361 | Vaults:5 | Entered Level 5 of the Vaults
 46387 | Vaults:5 | Reached skill level 15 in Dodging
 46387 | Vaults:5 | Gained mutation: You can hurl damnation. [demonic ancestry]
 46387 | Vaults:5 | Reached XP level 25. HP: 222/236 MP: 40/40
 46431 | Vaults:5 | Noticed an ancient lich
 46435 | Vaults:5 | Killed an ancient lich
 46636 | Vaults:5 | Got a sparkling bone ring
 46767 | Vaults:5 | Noticed Margery
 46781 | Vaults:5 | Killed Margery
 46952 | Vaults:5 | Got a silver rune of Zot
 46980 | Vaults:5 | Got a warped gossamer ring
 47081 | Vaults:5 | Found Goxinkett's Assorted Antiques.
 47091 | Vaults:5 | Bought a smoking chain mail for 380 gold pieces
 47091 | Vaults:5 | Bought a glittering copper ring for 200 gold pieces
 47091 | Vaults:5 | Bought a potion of invisibility for 320 gold pieces
 47091 | Vaults:5 | Identified the +1 chain mail of the Vestibule of Hell {rElec Dex+2} (You bought it in a shop on level 5 of the Vaults)
 47093 | Vaults:5 | Identified the ring "Dogixtou" {+Inv +Fly Int+9} (You found it on level 5 of the Vaults)
 47094 | Vaults:5 | Identified the ring "Etrunuokh" {MP+9 Int+6 Dex+3} (You took it off a deep elf elementalist on level 5 of the Vaults)
 47095 | Vaults:5 | Identified the cursed ring of Huorhis {rElec MR- AC-2 Int+3} (You bought it in a shop on level 5 of the Vaults)
 48021 | Zot:1    | Entered Level 1 of the Realm of Zot
 48107 | Zot:1    | Reached XP level 26. HP: 237/248 MP: 40/40
 48177 | Depths:4 | Got a transparent battleaxe
 48835 | Zot:1    | Identified the +1 battleaxe of Valuable Assets {holy, +Rage rPois rF+++ Str-4} (You found it on level 4 of the Depths)
 51522 | Zot:5    | Entered Level 5 of the Realm of Zot
 51629 | Zot:5    | Noticed an ancient lich
 51645 | Zot:5    | Killed an ancient lich
 51897 | Zot:5    | Noticed an orb of fire
 51897 | Zot:5    | Gained mutation: You are dopey. (Int -2) [an orb of fire]
 51900 | Zot:5    | Gained mutation: Your body sometimes deteriorates upon taking damage. [an orb of fire]
 51903 | Zot:5    | Lost mutation: Your body sometimes deteriorates upon taking damage. [an orb of fire]
 51905 | Zot:5    | Gained mutation: You are very clumsy. (Dex -4) [an orb of fire]
 51914 | Zot:5    | Gained mutation: You tend to lose your temper in combat. [an orb of fire]
 51916 | Zot:5    | Killed an orb of fire
 51925 | Zot:5    | Reached XP level 27. HP: 238/259 MP: 40/40
 52070 | Zot:5    | Noticed an ancient lich
 52095 | Zot:5    | Killed an ancient lich
 52302 | Zot:5    | Noticed an orb of fire
 52304 | Zot:5    | Gained mutation: You regenerate slowly when monsters are visible. [an orb of fire]
 52310 | Zot:5    | Gained mutation: Your magical capacity is low. (-10% MP) [an orb of fire]
 52314 | Zot:5    | Gained mutation: Your muscles are strong. (Str +2) [an orb of fire]
 52319 | Zot:5    | Lost mutation: You are robust. (+10% HP) [an orb of fire]
 52320 | Zot:5    | Killed an orb of fire
 52343 | Zot:5    | Noticed an orb of fire
 52350 | Zot:5    | Lost mutation: Your muscles are strong. (Str +2) [an orb of fire]
 52351 | Zot:5    | Gained mutation: You occasionally shout uncontrollably at your foes. [an orb of fire]
 52352 | Zot:5    | Gained mutation: You are weak. (Str -2) [an orb of fire]
 52356 | Zot:5    | Killed an orb of fire
 52372 | Zot:5    | Noticed an orb of fire
 52373 | Zot:5    | Gained mutation: You expend magic power (3 MP) to strengthen your wands. [an orb of fire]
 52378 | Zot:5    | Noticed an ancient lich
 52381 | Zot:5    | Gained mutation: You sometimes yell uncontrollably at your foes. [an orb of fire]
 52383 | Zot:5    | Killed an orb of fire
 52387 | Zot:5    | Killed an ancient lich
 52579 | Zot:5    | Noticed an ancient lich
 52587 | Zot:5    | Killed an ancient lich
 52781 | Zot:5    | Noticed an ancient lich
 52787 | Zot:5    | Killed an ancient lich
 52846 | Zot:5    | Noticed an ancient lich
 52855 | Zot:5    | Killed an ancient lich
 53381 | Lair:1   | Lost mutation: You are dopey. (Int -2) [potion of cure mutation]
 53381 | Lair:1   | Lost mutation: You are weak. (Str -2) [potion of cure mutation]
 53381 | Lair:1   | Lost mutation: Your spells are a little easier to cast, but a little less powerful. [potion of cure mutation]
 53381 | Lair:1   | Lost mutation: You sometimes yell uncontrollably at your foes. [potion of cure mutation]
 53381 | Lair:1   | Lost mutation: You occasionally shout uncontrollably at your foes. [potion of cure mutation]
 53382 | Lair:1   | Lost mutation: You are very clumsy. (Dex -4) [potion of cure mutation]
 53382 | Lair:1   | Lost mutation: Your system is resistant to poisons. (rPois) [potion of cure mutation]
 53382 | Lair:1   | Lost mutation: You expend magic power (3 MP) to strengthen your wands. [potion of cure mutation]
 53382 | Lair:1   | Lost mutation: You tend to lose your temper in combat. [potion of cure mutation]
 53389 | Lair:1   | Lost mutation: Your magical capacity is low. (-10% MP) [potion of cure mutation]
 53389 | Lair:1   | Lost mutation: You regenerate slowly when monsters are visible. [potion of cure mutation]
 53389 | Lair:1   | Lost mutation: Your flesh is cold resistant. (rC+) [potion of cure mutation]
 53389 | Lair:1   | Lost mutation: You are clumsy. (Dex -2) [potion of cure mutation]
 53595 | Depths:2 | Voluntarily entered the Abyss.
 53624 | Abyss:1  | Paralysed by accursed screaming for 2 turns
 53675 | Abyss:2  | Found a corrupted altar of Lugonu.
 53704 | Abyss:2  | Paralysed by accursed screaming for 1 turns
 53765 | Abyss:2  | Found a corrupted altar of Lugonu.
 53850 | Abyss:2  | Found a corrupted altar of Lugonu.
 54000 | Abyss:2  | Gained mutation: You are weak. (Str -2) [a neqoxec]
 54097 | Abyss:2  | Gained mutation: Scrolls take you a little longer to read. [a neqoxec]
 54381 | Abyss:3  | Found a corrupted altar of Lugonu.
 54416 | Abyss:3  | Gained mutation: Your spells are much easier to cast, but much less powerful. [a neqoxec]
 54463 | Abyss:5  | Entered Level 5 of the Abyss
 54542 | Abyss:5  | Gained mutation: You are frail. (-10% HP) [a shining eye]
 54545 | Abyss:5  | Gained mutation: Your body sometimes deteriorates upon taking damage. [a shining eye]
 54552 | Abyss:5  | Lost mutation: You are frail. (-10% HP) [a shining eye]
 54563 | Abyss:5  | Gained mutation: You are somewhat resistant to further mutation. [a neqoxec]
 54652 | Abyss:5  | Paralysed by accursed screaming for 1 turns
 54670 | Abyss:5  | Paralysed by accursed screaming for 2 turns
 54682 | Abyss:5  | Paralysed by accursed screaming for 2 turns
 54689 | Abyss:5  | Paralysed by accursed screaming for 2 turns
 54707 | Abyss:5  | Paralysed by accursed screaming for 1 turns
 54737 | Abyss:5  | Paralysed by accursed screaming for 1 turns
 54747 | Abyss:5  | Paralysed by accursed screaming for 2 turns
 54968 | Abyss:5  | Found a corrupted altar of Lugonu.
 54974 | Abyss:5  | Found a shimmering altar of Xom.
 54975 | Abyss:5  | Found a shimmering altar of Xom.
 54975 | Abyss:5  | Found a shimmering altar of Xom.
 54975 | Abyss:5  | Found a shimmering altar of Xom.
 54976 | Abyss:5  | Found a shimmering altar of Xom.
 54976 | Abyss:5  | Found a shimmering altar of Xom.
 54977 | Abyss:5  | Found a shimmering altar of Xom.
 54977 | Abyss:5  | Found a corrupted altar of Lugonu.
 54977 | Abyss:5  | Found a shimmering altar of Xom.
 54979 | Abyss:5  | Found a shimmering altar of Xom.
 54979 | Abyss:5  | Found a shimmering altar of Xom.
 54980 | Abyss:5  | Found a shimmering altar of Xom.
 54980 | Abyss:5  | Found a shimmering altar of Xom.
 54980 | Abyss:5  | Found a shimmering altar of Xom.
 54982 | Abyss:5  | Found a shimmering altar of Xom.
 54982 | Abyss:5  | Found a shimmering altar of Xom.
 54990 | Abyss:5  | Paralysed by accursed screaming for 1 turns
 54995 | Abyss:5  | Paralysed by accursed screaming for 1 turns
 55003 | Abyss:5  | Gained mutation: You are frail. (-10% HP) [a cacodemon]
 55005 | Abyss:5  | Paralysed by accursed screaming for 2 turns
 55249 | Abyss:5  | Paralysed by you for 3 turns
 55420 | Abyss:5  | Paralysed by accursed screaming for 1 turns
 55456 | Abyss:5  | Noticed an ancient lich
 55485 | Abyss:5  | Killed an ancient lich
 55634 | Abyss:5  | Gained mutation: You are very weak. (Str -4) [a neqoxec]
 55800 | Abyss:5  | Paralysed by accursed screaming for 2 turns
 55874 | Abyss:5  | Paralysed by accursed screaming for 1 turns
 55879 | Abyss:5  | Paralysed by accursed screaming for 1 turns
 56037 | Abyss:5  | Found a corrupted altar of Lugonu.
 56104 | Abyss:5  | Found a corrupted altar of Lugonu.
 56236 | Abyss:5  | Gained mutation: Your body often deteriorates upon taking damage. [a neqoxec]
 56272 | Abyss:5  | Gained mutation: Your system is resistant to poisons. (rPois) [a shining eye]
 56279 | Abyss:5  | Paralysed by accursed screaming for 2 turns
 56338 | Abyss:5  | Got an abyssal rune of Zot
 56351 | Abyss:5  | Paralysed by accursed screaming for 1 turns
 56384 | Abyss:5  | Paralysed by accursed screaming for 2 turns
 56386 | Depths:2 | Escaped the Abyss
 56679 | Slime:1  | Entered Level 1 of the Pits of Slime
 56696 | Slime:1  | Reached skill level 27 in Fighting
 57031 | Slime:4  | Gained mutation: You are clumsy. (Dex -2) [a shining eye]
 57067 | Slime:4  | Gained mutation: Armour fits poorly on your strangely shaped body. [a shining eye]
 57071 | Slime:4  | Gained mutation: Scrolls take you longer to read. [a shining eye]
 57227 | Slime:5  | Entered Level 5 of the Pits of Slime
 57257 | Slime:5  | Noticed the Royal Jelly
 57264 | Slime:5  | Killed the Royal Jelly
 57349 | Slime:5  | Gained mutation: You are very frail. (-20% HP) [a shining eye]
 58648 | Slime:5  | Identified the Grimoire of Calling and Battle Magic
 58678 | Slime:5  | Got a slimy rune of Zot
 59048 | Temple   | Entered the Ecumenical Temple
 59112 | Temple   | Fell from the grace of Qazlal
 59112 | Temple   | Became a worshipper of Makhleb the Destroyer
 59388 | Crypt:1  | Entered Level 1 of the Crypt
 59394 | Crypt:1  | Reached skill level 1 in Long Blades
 60564 | Crypt:2  | Reached * piety under Makhleb
 60737 | Crypt:2  | Reached skill level 5 in Long Blades
 61556 | Vaults:1 | Bought a potion of beneficial mutation for 630 gold pieces
 61556 | Vaults:1 | Bought a potion of cure mutation for 450 gold pieces
 61556 | Vaults:1 | Bought 2 potions of cure mutation for 900 gold pieces
 61556 | Vaults:1 | Lost mutation: You are very weak. (Str -4) [potion of cure mutation]
 61556 | Vaults:1 | Lost mutation: Your body often deteriorates upon taking damage. [potion of cure mutation]
 61556 | Vaults:1 | Lost mutation: Your body sometimes deteriorates upon taking damage. [potion of cure mutation]
 61556 | Vaults:1 | Lost mutation: You are very frail. (-20% HP) [potion of cure mutation]
 61556 | Vaults:1 | Lost mutation: Armour fits poorly on your strangely shaped body. [potion of cure mutation]
 61557 | Vaults:1 | Lost mutation: You are somewhat resistant to further mutation. [potion of cure mutation]
 61557 | Vaults:1 | Lost mutation: You are frail. (-10% HP) [potion of cure mutation]
 61557 | Vaults:1 | Lost mutation: Your spells are a little easier to cast, but a little less powerful. [potion of cure mutation]
 61557 | Vaults:1 | Lost mutation: Scrolls take you longer to read. [potion of cure mutation]
 61557 | Vaults:1 | Lost mutation: You are clumsy. (Dex -2) [potion of cure mutation]
 61558 | Vaults:1 | Lost mutation: You are weak. (Str -2) [potion of cure mutation]
 61558 | Vaults:1 | Lost mutation: Scrolls take you a little longer to read. [potion of cure mutation]
 61558 | Vaults:1 | Lost mutation: Your system is resistant to poisons. (rPois) [potion of cure mutation]
 61559 | Vaults:1 | Gained mutation: You have an increased reservoir of magic. (+10% MP) [potion of beneficial mutation]
 61828 | Crypt:3  | Entered Level 3 of the Crypt
 61844 | Crypt:3  | Reached ** piety under Makhleb
 61980 | Crypt:3  | Noticed Bai Suzhen
 61995 | Crypt:3  | Killed Bai Suzhen
 62160 | Crypt:3  | Found a staircase to the Tomb.
 62342 | Crypt:3  | Reached *** piety under Makhleb
 62371 | Crypt:3  | Found an ancient bone altar of Kikubaaqudgha.
 62447 | Crypt:3  | Reached skill level 10 in Long Blades
 62528 | Crypt:3  | Noticed an ancient lich
 62528 | Crypt:3  | Noticed an ancient lich
 62536 | Crypt:3  | Killed an ancient lich
 62553 | Crypt:3  | Killed an ancient lich
 62602 | Crypt:3  | Reached **** piety under Makhleb
 62919 | Pan      | Entered Pandemonium
 62919 | Pan      | Noticed Tulul the pandemonium lord
 63145 | Pan      | Found an exit through the horrors of the Abyss.
 63248 | Pan      | Killed Tulul the pandemonium lord
 63485 | Pan      | Found a runed door.
 63492 | Pan      | Got a demonic rune of Zot
 63579 | Pan      | Identified a +4 rod of shadows (14/14) (You took it off a necromancer on level 3 of the Crypt)
 63588 | Pan      | Learned a level 6 spell: Haste
 63916 | Pan      | Found a burning altar of Makhleb.
 63946 | Pan      | Lost mutation: You have an increased reservoir of magic. (+10% MP) [a neqoxec]
 63950 | Pan      | Reached ***** piety under Makhleb
 63968 | Pan      | Noticed Qyisyrum the pandemonium lord
 63992 | Pan      | Killed Qyisyrum the pandemonium lord
 64127 | Pan      | Reached skill level 15 in Long Blades
 64203 | Pan      | Gained mutation: You are weak. (Str -2) [a neqoxec]
 64331 | Pan      | Found an exit through the horrors of the Abyss.
 64552 | Pan      | Learned a level 2 spell: Repel Missiles
 64555 | Pan      | Learned a level 2 spell: Swiftness
 64564 | Pan      | Found an exit through the horrors of the Abyss.
 64674 | Pan      | Noticed Pemmaor the pandemonium lord
 64689 | Pan      | Killed Pemmaor the pandemonium lord
 64790 | Pan      | Identified Rageroa's Incunabulum of Helpful Stolen Souls
 65195 | Pan      | Gained mutation: You are frail. (-10% HP) [a neqoxec]
 65417 | Pan      | Was forgiven by Qazlal
 65790 | Pan      | Reached ****** piety under Makhleb
 65812 | Pan      | Noticed Yfuynola the pandemonium lord
 65831 | Pan      | Killed Yfuynola the pandemonium lord
 65980 | Pan      | Noticed Ignacio
 65997 | Pan      | HP: 9/224 [Ignacio/executioner's axe of pain (7)]
 65998 | Pan      | HP: 2/224 [Ignacio/executioner's axe of pain (10)]
 65998 | Pan      | Slain by Ignacio

Vault maps used:
D:1:      ldierk_water_garden
D:2:      lemuel_crystal_altar
D:3:      first_bread, lemuel_blue_sif_altar, uniq_robin, uniq_grinder,
          uniq_terence
D:4:      nicolae_qazlal_eye_of_the_storm, gammafunk_temple_overflow_pools,
          kennysheep_mini_moat, serial_shops, shop, kennysheep_mini, shop
D:5:      serial_shops, shop
D:6:      uniq_eustachio
D:8:      old_standard_altar
D:9:      lemuel_castle_with_subvaults, nicolae_overflow_hidden_temple,
          david_orc_5, basic_altar, serial_ice, serial_ice_n, serial_ice_m,
          serial_ice_j, serial_ice_f, bloody_trog, uniq_maurice
D:10:     david_lair_shrubbed, grunt_tengu_nest
D:11:     basic_altar, solitary_fountain, grunt_ministairs_2, uniq_erolcha
D:12:     serial_column_ruins, column_ruins_hut, column_ruins_temple_circle,
          column_ruins_open_medium, column_ruins_columns_water,
          column_ruins_grid_1
D:13:     serial_shops, shop
D:14:     erik_vaults_1, spider_trap, minivault_5, uniq_agnes
D:15:     gammafunk_enter_depths_forms, moated_statue, basic_altar
Temple:   zaba_magenta_temple
Lair:1:   grunt_megastairs_2, lemuel_fruit_tree
Lair:2:   wad_woods_minihive, swamp_mist
Lair:3:   minmay_snake_entry_guardpost_small, uniq_rupert
Lair:4:   minmay_lair_venomous_thicket
Lair:5:   minmay_slime_entry_pillars, uniq_urug
Lair:6:   due_jungle_book
Swamp:1:  evilmike_swamp_ruin_house_4, uniq_nikola, uniq_frances
Swamp:2:  nicolae_swamp_treefoil
Swamp:3:  nicolae_swamp_rocky_clearing
Swamp:4:  swamp_alternative, uniq_mara
Snake:1:  serial_shops, shop_fountains
Snake:2:  basic_altar, serial_shops, nicolae_shop_waterfront, st_stairs_14
Snake:3:  hangedman_snake_thin_pillar_pass, spider_trap,
          fake_guardian_serpent_vault
Snake:4:  minmay_snake_end_coiled, serial_shops, shop
Slime:1:  nicolae_slime_phagocytosis
Orc:1:    portal_ice_cave_entry_animals_and_master, serial_shops
Orc:2:    grunt_orc_community_town_hall, grunt_orc_community_big_house_2,
          grunt_orc_community_big_house_2, grunt_orc_community_house_3,
          grunt_orc_community_house_1, grunt_orc_community_house_2,
          grunt_orc_community_house_3, grunt_orc_community_house_3,
          grunt_orc_community_house_2, basic_altar, uniq_azrael
Elf:1:    eino_elf_arrival_the_gate, serial_shops, shop, minivault_28,
          minmay_shop_star
Elf:2:    minmay_shoptagon
Elf:3:    grunt_elf_hall_branching, uniq_louise, uniq_roxanne
Vaults:1: nicolae_vaults_rhombus_6, nicolae_vaults_octagons,
          nicolae_vaults_asterisk, hangedman_vaults_stretched_pinwheel,
          nicolae_vaults_diagonal_hallway_9, vaults_dpeg_encased_lava,
          vaults_room_boxed, vaults_mumra_chevron_long,
          nicolae_vaults_little_squares_2, nicolae_vaults_ring_of_whatevers,
          hangedman_vaults_impose, serial_shops, shop_coins
Vaults:2: vaults_room_grunt_arrival_ludios, nicolae_vaults_hallways_thing,
          vaults_room_semicircle, ontoclasm_vaults_bender,
          nicolae_vaults_little_squares_6, nicolae_vaults_little_ls, v_misc_13,
          v_pattern_5, grunt_vaults_twisty, v_misc_14, v_misc_15,
          grunt_vaults_hallway_short, nicolae_vaults_murderbox,
          ontoclasm_vaults_loading_screen, vaults_room_stairs_pillars,
          serial_shops, shop, uniq_jorgrun, uniq_saint_roka
Vaults:3: hangedman_vaults_nails, st_greater_box_1, v_alt_pattern_6,
          vaults_room_ringed_pool, minmay_crypt_entry_simple_plaza,
          grunt_vaults_hallway_long, vaults_room_pool,
          nicolae_vaults_little_squares_3, nicolae_trove_entry_crossroad
Vaults:4: nicolae_vaults_angled_halls, hangedman_vaults_cutoff,
          ontoclasm_vaults_ring_square, nicolae_vaults_ring_of_whatevers,
          v_misc_17, uniq_boris
Vaults:5: uniq_margery
Crypt:2:  lemuel_elevator, roderic_lattice_octagonal_star
Crypt:3:  evilmike_haunted_forest, uniq_bai_suzhen
Depths:1: enter_ziggurat_e, serial_shops, shop, grunt_pan_entry_sceptre,
          hell_entry, fountainhead, minmay_guarded_unrand_wrath_of_trog,
          uniq_aizul
Depths:2: hangedman_pleasuredromes, hell_entry, abyss_entry
Depths:3: kennysheep_oblong_rooms, minmay_door_square, hell_entry, pan_entry,
          kennysheep_random_hallway, minmay_staircase_bubble,
          basic_stair_grate_trap
Depths:4: evilmike_library_of_no_secrets, serial_bayou_lagoon_a, hell_entry,
          nicolae_abyss_entry_one_way_or_another, lemuel_flamethrower_3,
          grunt_megastairs_4, infiniplex_staircase_pillars_1
Depths:5: grunt_zot_entry_bicorn, serial_shops, shop, shop, shop, serial_glass,
          glass_columns_c, glass_columns_a, glass_columns_a, hell_entry,
          grunt_pan_entry_in_and_out, grunt_ministairs_5, guppyfry_shop_venom,
          uniq_enchantress
Zot:1:    lemuel_golem_globe, grunt_megastairs_1
Zot:2:    lemuel_elevator
Zot:4:    grunt_megastairs_5
Abyss:2:  guppyfry_abyss_exit_imp_island
Abyss:3:  evilmike_nicolae_abyss_rune_containment_curve,
          nicolae_abyss_rune_left_handed, evilmike_abyss_exit_13,
          evilmike_abyss_exit_4, hangedman_abyss_shoalhut,
          dshaligram_kb_abyss_rune_zappy_water_cross, evilmike_abyss_exit_16
Abyss:4:  evilmike_nicolae_abyss_rune_betentacled_crabyss,
          evilmike_abyss_exit_14, minivault_19, evilmike_abyss_rune_ettins,
          grunt_abyss_exit_deep_breaths, serial_sigils_hangedman_quiver,
          hangedman_abyss_or_decor_clamps
Abyss:5:  evilmike_abyss_exit_13, minivault_27,
          eino_small_chamber_without_monster, minivault_20
Pan:      regret_index_pan_draining_boxed, nicolae_pan_gloorx_vloqian_2,
          rand_demon_2, rand_demon_2, pan_blood_fountain,
          nicolae_pan_cerebovesque_3, reaverb_pan_figure_eight,
          grunt_pan_in_and_out, uniq_ignacio, uniq_mennas_pan
Trove:    trove_armour_2
IceCv:    ice_cave_caverns_02

Skill      XL: |  1  2  3  4  5  6  7  8  9 10 11 12 13 14 15 16 17 18 19 20 21 22 23 24 25 26 27 |
---------------+----------------------------------------------------------------------------------+-----
Maces & Flails | 3 4 5 6 7 8 10 13 14 15 16 | 16.0
Fighting       | 3 8 9 10 12 14 15 17 18 19 20 21 22 23 27 | 27.0
Armour         | 7 9 11 12 13 15 16 17 19 23 | 23.6
Dodging        | 6 8 9 10 11 13 15 16 18 22 | 22.9
Invocations    | 10 12 13 15 17 20 23 25 27 | 27.0
Shields        | 4 |  4.0
Staves         | 8 9 10 | 10.7
Long Blades    | 17 | 17.5
Throwing       | |  1.7

Action                   |  1- 3 |  4- 6 |  7- 9 | 10-12 | 13-15 | 16-18 | 19-21 | 22-24 | 25-27 || total
-------------------------+-------+-------+-------+-------+-------+-------+-------+-------+-------++-------
Melee: Flail             |    61 |    70 |       |       |       |       |       |       |       ||   131
       Unarmed           |       |     1 |       |       |       |       |       |       |       ||     1
       Kick              |       |    13 |    67 |   211 |    40 |       |       |   762 |  2033 ||  3126
       Morningstar       |       |     3 |   232 |    53 |       |       |       |       |       ||   288
       Mace              |       |       |       |   643 |   141 |       |       |       |       ||   784
       Eveningstar       |       |       |       |       |   626 |       |       |       |       ||   626
       Lajatang          |       |       |       |       |   519 |  1313 |  1560 |  1713 |  3987 ||  9092
Throw: Throwing net      |     3 |     1 |       |       |       |       |       |       |       ||     4
       Tomahawk          |       |       |     2 |       |       |       |       |       |       ||     2
       Javelin           |       |       |       |     6 |       |       |       |       |     2 ||     8
Invok: Elemental Force   |       |       |       |     2 |     3 |     1 |       |     1 |       ||     7
       Upheaval          |       |       |       |     1 |     3 |    14 |     5 |     3 |    15 ||    41
       Disaster Area     |       |       |       |       |     2 |     2 |     8 |     1 |    13 ||    26
       Major Destruction |       |       |       |       |       |       |       |       |     1 ||     1
Evoke: Wand              |       |       |       |       |       |       |     1 |       |     7 ||     8
  Use: Scroll            |       |    10 |     5 |     8 |    15 |    11 |     6 |    15 |    21 ||    91
       Potion            |       |     4 |     2 |       |     7 |     3 |     5 |     7 |    16 ||    44
 Stab: Sleeping          |     1 |       |       |       |       |       |       |       |       ||     1
       Held in net/web   |     1 |       |       |       |       |       |       |       |       ||     1
       Invisible         |       |       |       |       |       |       |     5 |       |       ||     5
       Distracted        |       |       |       |       |       |       |       |     1 |     1 ||     2
       Paralysed         |       |       |       |       |       |       |       |     1 |       ||     1
       Petrifying        |       |       |       |       |       |       |       |       |     1 ||     1
       Petrified         |       |       |       |       |       |       |       |       |     1 ||     1
  Eat: Chunk             |     1 |     4 |    12 |    15 |    37 |     7 |    12 |     6 |    14 ||   108
       Bread ration      |       |       |       |     2 |     3 |     1 |       |       |     2 ||     8
       Meat ration       |       |       |       |       |       |     5 |       |     5 |     8 ||    18
       Beef jerky        |       |       |       |       |       |       |       |     3 |     2 ||     5
       Royal jelly       |       |       |       |       |       |       |       |     1 |     3 ||     4
       Pizza             |       |       |       |       |       |       |       |       |     3 ||     3
Armor: Leather armour    |    14 |    12 |     6 |       |       |       |       |       |       ||    32
       Skin              |       |     1 |       |       |       |       |       |       |       ||     1
       Chain mail        |       |       |   156 |   238 |   241 |       |       |   180 |  1834 ||  2649
       Plate armour      |       |       |       |       |   203 |   595 |  1050 |   808 |       ||  2656
Dodge: Dodged            |    45 |    28 |    98 |   244 |   402 |   480 |   737 |   962 |  3412 ||  6408
       Deflected         |       |       |       |     9 |    14 |    78 |    73 |    72 |    95 ||   341
Block: Other             |       |       |    24 |    76 |   180 |   355 |   618 |   590 |  1816 ||  3659
       Buckler           |       |       |       |   183 |   389 |       |       |       |       ||   572
       Reflection        |       |       |       |       |       |       |       |       |    26 ||    26
